Map: [ESL] Data-C

Players

Has

  • Race: Protoss Protoss
  • Spawn Location: 3:00

Nice - Winner!

  • Race: Protoss Protoss
  • Spawn Location: 9:00

Event: DreamHack SC2 Masters 2022 Atlanta (Online)

VOD

Have the link to the VOD?

Description

Time

  • Played on: Oct. 1, 2022, 8:36 a.m.
  • Length: 7:49

All games in this series

Show
View Real Time Build Order
Export as new Build Order

Has Protoss 

Build Orders:  

Get SALT Encoding   

  12  0:00  Probe  
  13  0:12  Probe  
  14  0:17  Pylon  
  14  0:24  Probe  
  15  0:36  Forge  
  15  0:38  Probe (Chrono Boost)  
  16  0:49  Probe (Chrono Boost)  
  17  0:53  Probe (Chrono Boost)  
  18  1:06  Pylon  
  18  1:12  Pylon  
  18  1:14  Pylon  
  18  1:16  Pylon  
  18  1:25  Photon Cannon  
  18  1:33  Pylon  
  18  1:34  Pylon  
  18  1:38  Gateway  
  18  1:42  Probe  
  18  1:45  Pylon  
  19  1:54  Probe (Chrono Boost)  
  18  2:03  Assimilator  
  18  2:06  Probe (Chrono Boost)  
  19  2:11  Gateway  
  19  2:12  Probe (Chrono Boost)  
  19  2:15  Assimilator  
  20  2:21  Probe  
  23  2:33  Probe, Cybernetics Core  
  22  2:38  Pylon  
  22  2:44  Pylon  
  22  2:45  Probe  
  23  2:57  Probe  
  24  3:07  Stalker (Chrono Boost)  
  24  3:09  Warp Gate (Chrono Boost), Probe  
  27  3:17  Robotics Facility  
  27  3:21  Shield Battery  
  27  3:30  Stalker  
  29  3:38  Gateway  
  29  3:39  Gateway  
  29  3:48  Gateway  
  29  3:57  Pylon  
  29  4:04  Observer (Chrono Boost)  
  30  4:14  Pylon  
  30  4:19  Pylon  
  30  4:25  Warp Prism (Chrono Boost)  
  32  4:37  Robotics Bay  
  32  4:50  Robotics Bay  
  32  4:53  Stalker x2  
  32  4:59  Stalker  
  38  5:10  Pylon  
  38  5:19  Probe  
  39  5:34  Disruptor (Chrono Boost)  
  42  5:42  Adept x2  
  42  5:43  Adept x2  
  42  5:45  Pylon  
  50  6:03  Disruptor  
  53  6:19  Pylon  
  53  6:32  Adept x4  
  57  6:57  Adept x4  
  64  7:12  Pylon  
  61  7:19  Adept x3  
  61  7:21  Adept  
Show
View Real Time Build Order
Export as new Build Order

Nice Protoss - Winner!

Build Orders:  

Get SALT Encoding   

  12  0:00  Probe  
  13  0:12  Probe  
  14  0:19  Pylon  
  14  0:24  Probe  
  15  0:37  Probe (Chrono Boost)  
  15  0:38  Gateway  
  16  0:48  Probe (Chrono Boost), Assimilator  
  17  0:53  Probe (Chrono Boost)  
  18  1:04  Probe  
  19  1:16  Probe  
  20  1:23  Zealot (Chrono Boost)  
  20  1:24  Pylon  
  22  1:35  Cybernetics Core  
  22  1:38  Pylon  
  22  1:39  Pylon  
  22  1:49  Zealot (Chrono Boost)  
  24  2:02  Probe  
  23  2:13  Stalker (Chrono Boost)  
  23  2:15  Probe  
  26  2:27  Probe  
  25  2:39  Probe  
  25  2:42  Nexus  
  28  2:51  Pylon  
  28  2:53  Warp Gate (Chrono Boost)  
  28  2:57  Probe  
  29  3:03  Assimilator  
  27  3:09  Probe  
  27  3:10  Gateway  
  30  3:20  Sentry  
  30  3:21  Probe  
  31  3:32  Shield Battery  
  31  3:36  Probe  
  31  3:41  Robotics Facility  
  32  3:47  Shield Battery  
  32  3:48  Probe  
  33  3:50  Stalker  
  33  3:54  Probe  
  36  4:03  Probe  
  36  4:06  Probe  
  38  4:16  Probe  
  39  4:17  Pylon  
  39  4:20  Probe  
  40  4:27  Shield Battery  
  40  4:31  Pylon  
  40  4:32  Observer (Chrono Boost)  
  40  4:35  Sentry, Stalker  
  47  4:43  Immortal (Chrono Boost)  
  45  4:49  Shield Battery  
  49  4:53  Pylon  
  49  5:01  Gateway  
  49  5:12  Warp Prism (Chrono Boost)  
  51  5:14  Sentry  
  51  5:17  Stalker  
  55  5:23  Observer  
  52  5:40  Gateway, Stalker, Pylon  
  52  5:41  Stalker  
  56  5:49  Probe  
  58  5:50  Probe  
  58  5:54  Immortal (Chrono Boost)  
  61  6:04  Probe x2  
  61  6:16  Probe x2  
  63  6:22  Stalker  
  63  6:23  Zealot x2  
  69  6:26  Observer (Chrono Boost)  
  69  6:28  Probe  
  71  6:33  Gateway  
  71  6:35  Pylon  
  71  6:40  Probe  
  66  6:50  Stalker x3  
  72  7:01  Immortal (Chrono Boost), Probe x2  
  78  7:11  Gateway  
  78  7:23  Zealot x4  
Tags
 
Add a new tag
Caveats
  • Supply blocks, unpowered buildings, or Contaminate may cause inaccurate times.
  • Supply counts are checked every 10 seconds.